 Dungeon Crawl Stone Soup version 0.17-a0-1123-g6d3914c (console) character file.

175 Monkaria the Slasher (level 5, -4/43 HPs)
             Began as a Demonspawn Chaos Knight on May 24, 2015.
             Slain by a hobgoblin
             ... wielding a +2 club of chaos
              (18 damage)
             ... on level 3 of the Dungeon.
             The game lasted 00:02:31 (2325 turns).

Monkaria the Slasher (Demonspawn Chaos Knight)      Turns: 2325, Time: 00:02:31

Health: -4/43      AC: 13    Str: 13    XL:     5   Next: 29%
Magic:  5/5        EV: 11    Int: 14    God:    Xom [*.....]
Gold:   50         SH:  0    Dex: 10    Spells: 0 memorised, 4 levels left

rFire  . . .     SeeInvis .     a - +0 falchion (chaos)
rCold  . . .     Clarity  .     b - +2 leather armour
rNeg   . . .     SustAt   .     (no shield)
rPois  .         Gourm    .     (no helmet)
rElec  .         Spirit   .     s - +0 cloak
rCorr  .         Warding  .     (no gloves)
rMut   .         Stasis   .     (no boots)
MR     .....                    (no amulet)
Stlth  +.........               (no ring)
                                (no ring)

@: slowed, very slow, not resistant to hostile enchantments, very unstealthy
A: rough black scales 2
a: Renounce Religion


You were on level 3 of the Dungeon.
You worshipped Xom.
You were a special plaything of Xom.
You were hungry.

You visited 1 branch of the dungeon, and saw 3 of its levels.

You collected 50 gold pieces.

Inventory:

Hand weapons
 a - a +0 falchion of chaos (weapon)
Armour
 b - a +2 leather armour (worn)
 s - a +0 cloak (worn)
Scrolls
 e - a scroll of amnesia {unknown}
 g - a scroll of blinking {unknown}
 h - 2 scrolls of identify {unknown}
 i - 2 scrolls of fear {unknown}
 l - a scroll of remove curse {unknown}
 o - a scroll of magic mapping {unknown}
 p - a scroll of enchant armour {unknown}
Potions
 d - 3 potions of curing {unknown}
 k - a potion of degeneration {unknown}
 n - a potion of flight {unknown}
 q - a potion of heal wounds {unknown}
 r - a potion of beneficial mutation {unknown}
Comestibles
 c - 2 bread rations
 f - 2 meat rations
 j - a beef jerky
 m - 4 fruits


   Skills:
 - Level 4.4 Fighting
 + Level 4.5 Long Blades
 - Level 1.7 Armour
 - Level 0.8 Dodging


You had 4 spell levels left.
You didn't know any spells.

Dungeon Overview and Level Annotations

Branches:
Dungeon (3/15)

Altars:
Elyvilon
Gozag
Yredelemnul

Annotations:
D:3 Natasha


Innate Abilities, Weirdness & Mutations

You are mostly covered in rough black scales (AC +7, Dex -2).


Message History

You feel yourself slow down.
The helpless Natasha fails to defend herself.
You hit Natasha but do no damage.
Natasha is poisoned.
Natasha barely misses you. The hobgoblin misses you.
Natasha closely misses you.
Unknown command.
Unknown command.
You hit Natasha.
Natasha looks even sicker.
Natasha is lightly wounded.
Natasha barely misses you. The hobgoblin closely misses you.
Natasha barely misses you.
Unknown command.
You hit Natasha.
Natasha is moderately wounded.
Natasha stops moving altogether!
The hobgoblin hits you but does no damage.
The hobgoblin hits you with a club of chaos.
You are electrocuted!
You die...
Xom chuckles heartily!

###### .....# ####.#
###### #.# ### ......
####.#####.######....#
..........#........#
####.###.#.........# .
#.# #.##......### .#.#
#.#######@gr# ##....
..# ##h5# .....# ###
#...# ..#### ...# ...#
..# .(.# ..# ...# .#
..## .# .##


You could see Natasha (petrified), a crimson imp, a hobgoblin and a rat.

Vanquished Creatures
  Ijyb (D:3)
  Terence (D:3)
  6 adders
  2 worms (D:2)
  3 giant geckos
  4 bats
  3 giant cockroaches
  8 goblins
  6 hobgoblins
  3 ball pythons
  4 giant newts
  2 gnoll zombies (D:2)
  9 jackals
  3 kobolds
  6 rats
61 creatures vanquished.

Notes
Turn   | Place    | Note
--------------------------------------------------------------
     0 | D:1      | Monkaria the Demonspawn Chaos Knight began the quest for the Orb.
     0 | D:1      | Reached XP level 1. HP: 18/18 MP: 1/1
   168 | D:1      | XOM: divination: detect creatures
   284 | D:1      | XOM: divination: detect items
   367 | D:1      | Gained mutation: You are partially covered in rough black scales (AC +4, Dex -1). [demonic ancestry]
   367 | D:1      | Reached XP level 2. HP: 18/24 MP: 2/2
   904 | D:1      | Reached skill level 4 in Fighting
   927 | D:1      | XOM: potion effect (berserk rage)
   959 | D:2      | XOM: noise
   961 | D:2      | Reached XP level 3. HP: 13/30 MP: 3/3
  1035 | D:1      | XOM: colour smoke trail
  1337 | D:2      | Reached XP level 4. HP: 23/38 MP: 4/4
  1354 | D:2      | XOM: 1-stop teleportation journey
  1465 | D:2      | XOM: colour smoke trail
  1613 | D:2      | Found a white marble altar of Elyvilon.
  1617 | D:2      | Found an opulent altar of Gozag.
  1803 | D:2      | Found a basalt altar of Yredelemnul.
  2262 | D:3      | Noticed Ijyb
  2276 | D:3      | Killed Ijyb
  2276 | D:3      | Gained mutation: You are mostly covered in rough black scales (AC +7, Dex -2). [demonic ancestry]
  2276 | D:3      | Reached XP level 5. HP: 40/43 MP: 5/5
  2308 | D:3      | Noticed Terence
  2312 | D:3      | XOM: noise
  2316 | D:3      | Noticed Natasha
  2320 | D:3      | Killed Terence
  2321 | D:3      | XOM: chaos upgrade
  2325 | D:3      | Slain by a hobgoblin

Vault maps used:
D:1:      minmay_arrival_widening_spiral_wide, supply_closet_lemuel,
          kennysheep_another_room, patterned_corridor
D:2:      gammafunk_temple_overflow_statue, lemuel_zombie_altar_yredelemnul,
          grunt_ministairs_3, minmay_door_square
D:3:      first_bread, uniq_terence, uniq_iyjb, uniq_natasha

Action                   |  1- 3 |  4- 6 || total
-------------------------+-------+-------++-------
Melee: Falchion          |   147 |    94 ||   241
 Stab: Paralysed         |     3 |       ||     3
       Sleeping          |     1 |       ||     1
       Petrifying        |       |     2 ||     2
  Eat: Chunk             |     2 |     3 ||     5
